Map: [ESL] Dragon Scales

Players

Astrea

  • Race: Protoss Protoss
  • League: Diamond

Spirit - Winner!

  • Race: Terran Terran

Event: IEM Katowice 2023

VOD

Have the link to the VOD?

Description

Time

  • Played on: Feb. 10, 2023, 5:20 a.m.
  • Length: 15:43

All games in this series

Show
View Real Time Build Order
Export as new Build Order

Astrea Protoss 

Build Orders: 1 Gate Expand, Phoenix Opening, Blink Stalkers 

Get SALT Encoding   

  12  0:00  Probe  
  13  0:12  Probe  
  14  0:16  Pylon  
  14  0:24  Probe (Chrono Boost)  
  16  0:35  Gateway  
  16  0:36  Probe (Chrono Boost)  
  16  0:43  Probe (Chrono Boost)  
  16  0:44  Assimilator  
  17  0:51  Probe  
  18  1:03  Probe  
  19  1:15  Probe  
  20  1:22  Cybernetics Core  
  20  1:29  Probe  
  21  1:35  Nexus  
  21  1:40  Pylon  
  21  1:43  Probe  
  22  1:48  Assimilator  
  22  1:55  Probe, Adept (Chrono Boost)  
  25  2:01  Warp Gate  
  25  2:07  Probe  
  26  2:15  Stalker (Chrono Boost)  
  26  2:20  Probe  
  29  2:32  Probe, Twilight Council  
  31  2:47  Probe (Chrono Boost)  
  31  2:48  Sentry, Probe (Chrono Boost)  
  34  2:53  Gateway  
  34  2:56  Probe (Chrono Boost)  
  36  2:59  Probe (Chrono Boost)  
  36  3:01  Probe (Chrono Boost)  
  37  3:08  Probe  
  37  3:11  Blink (Chrono Boost)  
  38  3:13  Probe  
  38  3:18  Phoenix  
  39  3:20  Probe  
  39  3:25  Probe  
  41  3:28  Pylon  
  41  3:32  Probe  
  42  3:34  Robotics Facility  
  42  3:38  Probe  
  42  3:41  Pylon  
  43  3:44  Probe  
  44  3:50  Probe, Stalker  
  44  3:55  Stalker  
  49  3:56  Probe  
  49  4:02  Probe  
  51  4:08  Probe  
  48  4:14  Probe  
  48  4:20  Probe  
  48  4:22  Stalker x2  
  53  4:26  Probe  
  53  4:30  Nexus  
  54  4:32  Observer (Chrono Boost)  
  54  4:33  Probe  
  57  4:38  Probe  
  57  4:40  Shield Battery  
  57  4:43  Pylon  
  57  4:44  Observer  
  57  4:45  Probe  
  58  4:50  Probe  
  59  4:53  Stalker  
  59  4:55  Stalker  
  59  4:57  Probe  
  59  5:02  Probe  
  60  5:09  Probe  
  61  5:14  Probe  
  61  5:17  Assimilator  
  61  5:18  Gateway  
  61  5:19  Observer (Chrono Boost)  
  64  5:21  Probe  
  64  5:26  Probe  
  65  5:33  Probe  
  65  5:35  Stalker  
  67  5:39  Probe  
  67  5:42  Probe  
  69  5:45  Probe  
  69  5:47  Stalker  
  72  5:52  Probe (Chrono Boost)  
  72  5:54  Probe (Chrono Boost)  
  74  5:58  Probe (Chrono Boost)  
  74  5:59  Charge (Chrono Boost)  
  74  6:02  Observer  
  76  6:04  Gateway x2, Observer  
  76  6:05  Gateway  
  76  6:06  Probe (Chrono Boost)  
  76  6:07  Gateway  
  76  6:08  Probe x2 (Chrono Boost)  
  76  6:09  Pylon, Gateway  
  76  6:11  Probe (Chrono Boost)  
  78  6:13  Probe (Chrono Boost)  
  78  6:14  Warp Prism (Chrono Boost)  
  78  6:15  Probe  
  82  6:19  Pylon  
  82  6:20  Probe  
  82  6:24  Probe  
  84  6:29  Probe  
  85  6:33  Pylon, Assimilator  
  85  6:36  Pylon  
  87  6:40  Zealot x2  
  87  6:41  Zealot  
  87  6:45  Pylon  
  91  6:47  Observer  
  91  6:51  Immortal (Chrono Boost), Robotics Bay  
  95  6:55  Pylon  
  95  6:56  Pylon  
  95  7:04  Zealot x5  
  104  7:12  Zealot x3  
  110  7:15  Pylon  
  110  7:22  Pylon  
  110  7:37  Stalker x7  
  121  7:54  Probe  
  115  8:00  Observer (Chrono Boost)  
  116  8:12  Colossus (Chrono Boost)  
  116  8:19  Stalker x8  
  136  8:27  Pylon  
  136  8:39  Pylon  
  134  8:41  Pylon  
  134  8:47  Zealot x8  
  104  9:04  Probe  
  104  9:08  Stalker x5  
  90  9:29  Nexus  
  82  9:33  Sentry x4  
  82  9:36  Observer  
  90  9:40  Probe x2  
  92  9:52  Sentry x3, Probe  
  99  9:53  Probe  
  99  9:57  Warp Prism (Chrono Boost)  
  100  10:06  Forge, Probe  
  103  10:13  Probe  
  104  10:20  Probe  
  105  10:26  Probe  
  106  10:32  Probe  
  97  10:38  Stalker x5  
  107  10:43  Observer  
  107  10:45  Probe  
  107  10:48  Probe  
  93  10:56  Probe  
  88  10:58  Colossus (Chrono Boost)  
  88  11:00  Probe  
  85  11:07  Stalker x3  
  85  11:10  Protoss Ground Weapons Level 1 (Chrono Boost)  
  87  11:22  Zealot x4  
  93  11:31  Zealot x3  
  89  11:46  Colossus (Chrono Boost)  
  95  11:55  Sentry x2  
  95  11:56  Zealot x5  
  109  12:06  Nexus  
  109  12:15  Probe x3  
  112  12:27  Probe  
  112  12:29  Colossus (Chrono Boost)  
  119  12:32  Probe  
  119  12:33  Photon Cannon  
  120  12:38  Probe  
  120  12:39  Probe  
  122  12:52  Photon Cannon  
  122  12:55  Probe  
  122  12:56  Photon Cannon  
  122  12:57  Protoss Ground Weapons Level 2 (Chrono Boost)  
  122  12:58  Pylon  
  122  13:00  Stalker x5  
  132  13:18  Zealot x3, Colossus (Chrono Boost)  
  144  13:29  Photon Cannon  
  142  13:37  Zealot x4  
  148  13:45  Observer  
  127  13:56  Stalker x4  
  127  14:01  Stalker, Warp Prism (Chrono Boost)  
  139  14:10  Stalker x2  
  131  14:31  Stalker x5, Disruptor (Chrono Boost)  
  131  14:36  Zealot  
  90  14:55  Zealot x6  
  88  15:02  Zealot x2  
  91  15:17  Stalker x3  
  97  15:26  Zealot x3  
  103  15:35  Zealot x2  
Show
View Real Time Build Order
Export as new Build Order

Spirit Terran - Winner!

Build Orders: Gas First Reaper Expand, Banshee Rush 

Get SALT Encoding   

  12  0:00  SCV  
  13  0:12  SCV  
  14  0:17  Supply Depot  
  14  0:24  SCV  
  14  0:27  Refinery  
  15  0:38  SCV  
  16  0:45  Barracks  
  16  0:50  SCV  
  17  1:02  SCV  
  18  1:15  SCV  
  19  1:31  Orbital Command  
  19  1:32  Reaper  
  20  1:42  Command Center  
  20  1:55  Factory  
  20  1:57  SCV  
  21  2:05  Supply Depot  
  21  2:06  Barracks Reactor  
  21  2:10  SCV  
  21  2:14  Refinery  
  22  2:22  SCV  
  23  2:34  SCV  
  24  2:42  Starport  
  24  2:47  Hellion x2  
  24  2:48  SCV  
  29  2:51  Barracks Tech Lab  
  29  2:57  Orbital Command  
  29  3:00  SCV  
  30  3:10  Hellion  
  30  3:12  SCV  
  33  3:13  Hellion  
  35  3:24  SCV  
  35  3:25  SCV  
  35  3:26  Cloaking Field  
  37  3:28  Banshee  
  40  3:37  SCV  
  40  3:41  SCV, Supply Depot  
  42  3:47  Bunker, Factory Tech Lab  
  42  3:49  SCV  
  42  3:53  Marine  
  42  3:54  SCV  
  44  4:01  SCV  
  41  4:06  SCV  
  40  4:11  Banshee  
  40  4:12  Siege Tank  
  40  4:13  Marine, SCV  
  40  4:15  Marine  
  47  4:18  SCV  
  47  4:21  Supply Depot  
  48  4:26  Barracks  
  48  4:27  SCV  
  48  4:29  Barracks  
  48  4:30  SCV  
  48  4:31  Marine  
  50  4:33  Marine, Supply Depot  
  52  4:38  Engineering Bay  
  52  4:41  Refinery  
  52  4:44  SCV  
  53  4:48  SCV  
  53  4:49  Marine  
  55  4:54  Raven  
  55  4:56  SCV  
  58  5:00  SCV  
  59  5:08  SCV  
  59  5:12  SCV  
  59  5:13  Refinery  
  61  5:16  Command Center  
  61  5:20  SCV  
  62  5:21  Terran Infantry Weapons Level 1  
  62  5:24  Supply Depot x2  
  62  5:25  SCV  
  63  5:28  Marine  
  63  5:30  Marine x2  
  63  5:32  SCV  
  64  5:36  Combat Shield, Factory Reactor  
  64  5:37  SCV  
  65  5:42  Starport Reactor  
  65  5:44  SCV  
  65  5:46  Marine  
  65  5:48  Marine  
  65  5:49  Stimpack  
  67  5:55  Barracks, Marauder x2  
  67  5:56  Barracks  
  68  6:02  SCV  
  68  6:03  SCV  
  68  6:04  Marine  
  70  6:10  Marine, Supply Depot x2  
  72  6:15  SCV  
  72  6:16  Marauder, Widow Mine x2  
  79  6:20  Medivac x2  
  79  6:25  SCV  
  84  6:26  Armory  
  84  6:30  Orbital Command  
  84  6:31  SCV  
  85  6:33  Marine  
  85  6:37  Marine  
  89  6:40  Widow Mine  
  89  6:42  Widow Mine  
  89  6:44  Marauder  
  89  6:45  Barracks Tech Lab, Barracks Reactor  
  95  6:48  SCV  
  95  6:49  Ghost Academy, SCV  
  95  6:54  Orbital Command  
  95  6:58  Marine, Marauder  
  95  7:00  SCV  
  100  7:01  SCV  
  100  7:02  Widow Mine  
  100  7:04  Widow Mine  
  100  7:06  Marauder  
  106  7:11  Medivac  
  106  7:12  SCV  
  109  7:19  Marine, Marauder  
  109  7:20  Viking, Marauder  
  116  7:25  Marine  
  116  7:28  Ghost, Widow Mine  
  116  7:29  Concussive Shells  
  121  7:30  SCV x2, Supply Depot x3  
  121  7:36  Marine  
  124  7:40  Marine, Reaper  
  124  7:42  Marine, SCV  
  118  7:52  Marine, Marauder  
  118  7:54  Marine  
  118  7:57  Command Center  
  118  7:58  Marauder  
  117  8:06  Medivac x2  
  117  8:08  Widow Mine x2  
  125  8:13  Marauder  
  125  8:16  Marine  
  124  8:22  Marine  
  124  8:23  Marauder x2  
  124  8:24  Marine  
  130  8:30  Marine  
  133  8:34  Marine, Marauder  
  134  8:54  Marauder  
  134  8:55  Marine x2  
  134  8:57  Marine  
  134  8:58  Medivac  
  134  8:59  Marine  
  134  9:00  Medivac  
  91  9:17  Widow Mine x2  
  91  9:19  Ghost  
  91  9:20  Marine  
  91  9:21  Marine, Marauder x2  
  91  9:25  Marine  
  91  9:28  Medivac  
  91  9:29  Marine  
  91  9:30  Medivac  
  83  9:34  Orbital Command  
  83  9:35  SCV x2  
  83  9:36  Bunker  
  85  9:38  Marine  
  85  9:39  Marine  
  85  9:42  Widow Mine, Marauder x2  
  85  9:43  Marine  
  85  9:45  Widow Mine  
  96  9:47  Marine  
  96  9:48  Marauder  
  98  9:56  Marine  
  98  9:57  Marine  
  98  9:58  Medivac  
  102  10:00  Medivac  
  102  10:01  Marine  
  102  10:04  Marauder x2  
  102  10:05  Marine  
  110  10:10  Orbital Command, Marauder  
  112  10:14  Marine  
  112  10:17  Marine  
  114  10:23  Marine  
  114  10:24  Ghost  
  114  10:25  Marauder  
  115  10:31  Marine x2  
  115  10:33  Marine  
  115  10:35  Marine  
  111  10:38  Viking  
  112  10:43  Marine  
  112  10:46  Marine  
  112  10:48  Marine  
  112  10:49  Marine  
  96  10:58  Marine x2, Widow Mine x2  
  100  11:05  Orbital Command  
  100  11:09  Marine, Marauder  
  103  11:14  Marine, Marauder  
  103  11:16  Marine  
  103  11:17  Marauder  
  85  11:20  Marine  
  83  11:29  Marine  
  83  11:32  Marine  
  84  11:34  Marine  
  84  11:35  Marine  
  84  11:37  Marine  
  86  11:42  Ghost  
  88  11:50  Widow Mine x2  
  88  11:53  Marauder  
  92  11:55  Marauder  
  92  11:57  Medivac  
  92  12:01  SCV x2  
  98  12:05  SCV  
  99  12:11  Ghost  
  99  12:13  SCV x2  
  103  12:17  Ghost, SCV  
  103  12:18  Ghost  
  103  12:20  Marine  
  109  12:25  Terran Infantry Weapons Level 2  
  109  12:28  Supply Depot  
  109  12:30  Supply Depot  
  109  12:35  Marine  
  110  12:37  Widow Mine  
  110  12:41  Missile Turret  
  110  12:42  Widow Mine  
  116  12:50  Viking x2  
  121  12:56  Marauder x3  
  124  13:05  Marine  
  124  13:10  Marine  
  126  13:16  Marine  
  126  13:18  Marauder x3  
  133  13:23  Marine  
  133  13:25  Viking  
  132  13:28  Viking  
  133  13:34  Marine  
  133  13:36  Marine x2, Supply Depot  
  133  13:40  Marine  
  133  13:41  Marauder  
  133  13:43  Marauder  
  133  13:45  Marauder  
  132  13:52  Marine  
  133  13:57  Marine x2, Sensor Tower, Viking  
  139  14:03  Viking, Marauder  
  141  14:10  Factory Tech Lab  
  141  14:18  Marauder  
  141  14:19  Marauder  
  141  14:20  Marine  
  141  14:21  Marine  
  141  14:24  Marauder  
  141  14:25  Marine  
  141  14:28  Viking  
  139  14:33  Viking  
  139  14:34  Marine  
  140  14:44  Marine, Marauder  
  138  14:46  Marine  
  138  14:47  Marine  
  138  14:49  Marine, Marauder  
  138  14:51  Marine  
  126  15:02  Marine  
  126  15:04  Marine  
  126  15:05  Marine, Medivac x2, Marauder  
  133  15:07  Marauder  
  133  15:12  Marine  
  138  15:20  Marine  
  139  15:22  Marine  
  141  15:30  Supply Depot  
  141  15:31  Supply Depot  

Tags
 
Add a new tag
Caveats
  • Supply blocks, unpowered buildings, or Contaminate may cause inaccurate times.
  • Supply counts are checked every 10 seconds.